 Dungeon Crawl Stone Soup version 0.21.1-1-g345015f (webtiles) character file.

412 Mgcat the Skirmisher (level 6, -4/61 HPs)
             Began as a Gargoyle Gladiator on Feb 12, 2018.
             Killed from afar by an orc wizard (6 damage)
             ... with a puff of flame
             ... on level 3 of the Dungeon.
             The game lasted 00:04:45 (1951 turns).

Mgcat the Skirmisher (Gargoyle Gladiator)           Turns: 1951, Time: 00:04:46

Health: -4/61      AC: 23    Str: 18    XL:     6   Next: 90%
Magic:  6/6        EV:  2    Int:  8    God:
Gold:   123        SH:  0    Dex: 18    Spells: 5/5 levels left

rFire    . . .     SeeInvis .   a - +0 war axe
rCold    . . .     Gourm    .   (no shield)
rNeg     + + +     Faith    .   (armour currently unavailable)
rPois    ∞         Spirit   .   (helmet currently unavailable)
rElec    .         Reflect  .   (cloak currently unavailable)
rCorr    .         Harm     .   (gloves currently unavailable)
MR       .....     NoTele   +   (boots currently unavailable)
Stlth    ++++......             (no amulet)
HPRegen  0.20/turn              m - ring of stealth {Stlth+}
MPRegen  0.10/turn              o - ring of wizardry {Wiz+, !d}

@: agile, tree-form
A: negative energy resistance 1, petrification resistance, rot immunity, AC +4
a: no special abilities


You were on level 3 of the Dungeon.
You were not hungry.
You were a tree.
You visited 1 branch of the dungeon, and saw 3 of its levels.

You collected 123 gold pieces.

Inventory:

Hand Weapons
 a - a +0 war axe (weapon)
Missiles
 d - 2 throwing nets (quivered) {=f, !d}
 r - 7 tomahawks
Armour
 b - a +0 leather armour (melded)
 c - a +0 helmet (melded)
Jewellery
 m - a ring of stealth (left branch) {Stlth+}
   (You found it on level 2 of the Dungeon)
 o - a ring of wizardry (right branch) {Wiz+, !d}
   (You found it on level 3 of the Dungeon)
Wands
 p - a wand of flame (33)
   (You found it on level 3 of the Dungeon)
Scrolls
 e - 3 scrolls of remove curse {unknown}
 h - 3 scrolls of identify {unknown}
 l - 2 scrolls of magic mapping {unknown}
Potions
 i - 2 potions of lignification {!q}
 j - a potion of mutation {unknown}
 k - a potion of invisibility {unknown}
 n - a potion of curing {unknown}
 q - a potion of agility
Comestibles
 f - 2 rations
 g - 7 chunks of flesh {@w0}


   Skills:
 + Level 5.7 Fighting
 + Level 5.2 Axes
 - Level 1.7 Throwing
 - Level 2.4 Dodging


You had 5 spell levels left.
You didn't know any spells.

Dungeon Overview and Level Annotations

Branches:
Dungeon (3/15)

Altars:
Ashenzari


Innate Abilities, Weirdness & Mutations

You are resistant to torment.
((Your stone body is resilient. (AC +4)))
You are immune to poison.
You resist negative energy. (rN+)
((You are resistant to electric shocks. (rElec)))
((You can survive without breathing.))
You are immune to petrification.
You are immune to rotting.


Message History

No target in view!
You butcher the hobgoblin corpse.
g - 8 chunks of flesh {@w0} (gained 4)
You butcher the leopard gecko corpse.
g - 9 chunks of flesh {@w0} (gained 1)
You see here a leopard gecko skeleton. x2
You see here a dagger.
Some of the chunks of flesh in your inventory have rotted away.
A kobold comes into view. It is wielding a short sword.
A kobold is nearby!
An orc wizard comes into view. It is wielding a dagger.
An orc comes into view. It is wielding a dagger.
An orc, an orc priest and 2 orc wizards come into view.
An orc wizard is wielding a dagger of electrocution.
The orc priest shouts!
The kobold shouts!
The orc shouts!
The orc wizard shouts!
The orc priest looks encouraged for a moment.
The kobold hits you but does no damage.
The orc wizard shouts!
You closely miss the kobold.
The orc wizard casts a spell.
The orc wizard blinks!
The kobold closely misses you.
You barely miss the kobold. The kobold hits you with a short sword.
You slash the kobold!
You kill the kobold!
The orc wizard mumbles some strange words.
The orc wizard blinks!
An orc comes into view.
The orc shouts!
You hit the orc wizard.
The orc wizard is moderately wounded.
The orc wizard gestures wildly while chanting.
The orc wizard flickers and vanishes!
Deactivating autopickup; reactivate with Ctrl-A.
The orc wizard closely misses you.
The orc priest calls down the wrath of Beogh upon you.
Beogh smites you!
You are too injured to fight recklessly!
You are too injured to fight recklessly!
You are too injured to fight recklessly!
Sorry, you're not good enough to have a special ability.
Unknown command.
Unknown command.
Okay, then.
Unknown command.
The orc wizard mumbles some strange words.
The orc wizard seems to speed up.
You hear some strange, mumbled words.
You barely miss the orc. The orc hits you but does no damage.
You hit the orc.
The orc is lightly wounded.
The orc barely misses you.
You slash the orc!
You kill the orc!
A magic dart appears from out of thin air!
The magic dart hits you! The orc wizard barely misses you.
You completely miss the orc wizard.
The orc wizard is moderately wounded.
The orc wizard hits you but does no damage.
You hit the orc wizard.
The orc wizard is almost dead.
The orc wizard hits you but does no damage.
You closely miss the orc wizard.
The orc wizard is almost dead.
The orc wizard hits you but does no damage.
You slash the orc wizard!
You kill the orc wizard!
Something hits you but does no damage.
You miss something. Something hits you but does no damage.
You barely miss something. Something hits you.
Something hits you but does no damage.
The orc priest calls down the wrath of Beogh upon you.
Beogh smites you!
* * * LOW HITPOINT WARNING * * *
It was a potion of agility.
You feel agile all of a sudden. Something hits you but does no damage.
Something hits you.
* * * LOW HITPOINT WARNING * * *
It was a potion of lignification.
You turn into a tree.
Your +0 helmet melds into your body.
Your +0 leather armour melds into your body.
Your roots penetrate the ground.
You hear some strange, mumbled words.
A puff of flame appears from out of thin air!
The puff of flame hits you!
* * * LOW HITPOINT WARNING * * *
You closely miss something. Something hits you but does no damage.
You slash something!
You hear some strange, mumbled words.
A puff of frost appears from out of thin air!
The puff of frost misses you. Something hits you but does no damage.
You hit something but do no damage.
You hear some strange, mumbled words.
A magic dart appears from out of thin air!
The magic dart hits you!
The orc priest casts a cantrip, but nothing happens.
You hear some strange, mumbled words.
A puff of flame appears from out of thin air!
Helpless, you fail to dodge the puff of flame.
You die...

##.######..# #.# #.#
#.# ..# #.# ..# #.#
o.# #.# o.# #)# ..#
#♣# §.#
######{######).#####
.......oo....ooo.....
###############......
#####


You could see an orc priest and an orc.

Vanquished Creatures
  Sigmund (D:3)
  A hound (D:2)
  An orc priest (D:3)
  2 orc wizards (D:3)
  Jessica (D:2)
  4 adders
  3 worms
  4 dart slugs
  4 leopard geckos
  6 orcs
  3 giant cockroaches
  6 goblins
  8 hobgoblins
  3 jackals (D:3)
  12 kobolds
  A quokka (D:2)
  6 bats
  4 frilled lizards
  4 rats
74 creatures vanquished.

Notes
Turn   | Place    | Note
-------+----------+-------------------------------------------
     0 | D:1      | Mgcat the Gargoyle Gladiator began the quest for the Orb.
     0 | D:1      | Reached XP level 1. HP: 12/12 MP: 1/1
    70 | D:1      | Reached XP level 2. HP: 16/18 MP: 2/2
   106 | D:1      | Reached skill level 3 in Axes
   293 | D:1      | Reached skill level 3 in Fighting
   443 | D:1      | Reached XP level 3. HP: 22/23 MP: 3/3
   582 | D:2      | Noticed Jessica
   597 | D:2      | Killed Jessica
   597 | D:2      | Reached XP level 4. HP: 16/28 MP: 4/4
   671 | D:2      | Found a shattered altar of Ashenzari.
  1023 | D:2      | Reached skill level 4 in Fighting
  1023 | D:2      | Reached skill level 4 in Axes
  1023 | D:2      | Reached XP level 5. HP: 18/33 MP: 5/5
  1242 | D:3      | Noticed Sigmund
  1509 | D:3      | Killed Sigmund
  1509 | D:3      | Reached skill level 5 in Fighting
  1509 | D:3      | Reached XP level 6. HP: 32/40 MP: 6/6
  1560 | D:3      | Reached skill level 5 in Axes
  1946 | D:3      | HP: 4/41 [orc priest/divine providence (12)]
  1951 | D:3      | Killed from afar by an orc wizard

Skill      XL: |  1  2  3  4  5  6 |
---------------+-------------------+-----
Axes           | 3 4 5 |  5.2
Fighting       | 3 4 5 |  5.7
Throwing       | |  1.7
Dodging        | |  2.4

Action                   |  1- 3 |  4- 6 || total
-------------------------+-------+-------++-------
Melee: War axe           |    76 |   187 ||   263
Throw: Throwing net      |     1 |       ||     1
  Use: Potion            |       |     2 ||     2
 Stab: Sleeping          |       |     4 ||     4
  Eat: Chunk             |       |     4 ||     4
Armor: Leather armour    |    27 |   113 ||   140
       Skin              |       |     2 ||     2
Dodge: Dodged            |    59 |   182 ||   241

Vault maps used:
D:1:      dpeg_arrival_tiny_d
D:2:      ashenzari_conservatory_becter, first_ration, uniq_jessica
D:3:      serial_curves, eino_curves_01, eino_curves_04, eino_curves_02,
          eino_curves_02, uniq_sigmund

Table legend:
 A = Turns spent in this place as a percentage of turns spent in the entire game.
 B = Non-inter-level travel turns spent in this place as a percentage of non-inter-level travel turns spent in the entire game.
 C = Inter-level travel turns spent in this place as a percentage of turns spent in this place.
 D = Turns resting spent in this place as a percentage of non-inter-level travel turns spent in this place.
 E = Turns spent auto-exploring this place as a percentage of non-inter-level travel turns spent in this place.
 F = Non-inter-level travel turns spent in this place divided by the number of levels of this place that you've seen.
                   A       B       C       D       E      F
               +-------+-------+-------+-------+-------+----------------------
         Total | 100.0 | 100.0 |   3.3 |   5.4 |  68.3 | 629.0
       Dungeon | 100.0 | 100.0 |   3.3 |   5.4 |  68.3 | 629.0
               +-------+-------+-------+-------+-------+----------------------

Table legend:
 A = Kills in this place as a percentage of kills in entire the game.
 B = Kills by you in this place as a percentage of kills by you in the entire game.
 C = Kills by friends in this place as a percentage of kills by friends in the entire game.
 D = Other kills in this place as a percentage of other kills in the entire game.
 E = Experience gained in this place as a percentage of experience gained in the entire game.
 F = Experience gained in this place divided by the number of levels of this place that you have seen.
                   A       B       C       D       E      F
               +-------+-------+-------+-------+-------+----------------------
         Total | 100.0 | 100.0 |   N/A |   N/A | 100.0 | 196.3
       Dungeon | 100.0 | 100.0 |   N/A |   N/A | 100.0 | 196.3
               +-------+-------+-------+-------+-------+----------------------
